Map: Lost and Found LE

Players

Harstem

  • Race: Protoss Protoss
  • League: Master
  • Spawn Location: 7:00

Rogue - Winner!

  • Race: Zerg Zerg
  • Spawn Location: 1:00

Event: HomeStory Cup XVIII

VOD

Have the link to the VOD?

Description

Time

  • Played on: Nov. 22, 2018, 6:34 a.m.
  • Length: 11:54

All games in this series

Show
View Real Time Build Order
Export as new Build Order

Harstem Protoss 

Build Orders: 1 Gate Expand, Phoenix Opening, Mass Adepts 

Get SALT Encoding   

  12  0:00  Probe  
  13  0:12  Probe  
  14  0:18  Pylon  
  14  0:24  Probe  
  15  0:30  Assimilator  
  15  0:32  Probe  
  15  0:40  Probe  
  16  0:48  Gateway  
  17  0:51  Probe  
  18  1:03  Probe  
  19  1:15  Probe  
  20  1:23  Nexus  
  20  1:35  Cybernetics Core  
  20  1:36  Probe  
  21  1:43  Assimilator  
  21  1:48  Probe  
  21  1:51  Pylon  
  22  2:00  Probe  
  23  2:03  Adept  
  23  2:12  Probe  
  23  2:13  Warp Gate  
  26  2:23  Stargate  
  26  2:24  Probe  
  27  2:32  Probe x2  
  27  2:33  Adept  
  31  2:40  Probe x2  
  31  2:41  Assimilator  
  33  2:50  Probe  
  33  2:51  Probe  
  35  3:01  Phoenix  
  35  3:02  Probe  
  35  3:03  Probe  
  37  3:11  Gateway  
  39  3:14  Probe  
  41  3:20  Twilight Council, Probe  
  41  3:23  Gateway  
  41  3:28  Probe  
  41  3:33  Robotics Facility  
  42  3:34  Probe  
  42  3:37  Resonating Glaives  
  43  3:42  Gateway  
  43  3:46  Gateway  
  43  3:49  Adept  
  43  3:52  Pylon  
  43  3:55  Probe  
  46  4:05  Pylon  
  46  4:09  Warp Prism  
  46  4:15  Adept  
  48  4:17  Adept  
  48  4:18  Pylon  
  52  4:24  Adept  
  54  4:35  Pylon  
  54  4:38  Pylon, Adept x3  
  54  4:44  Adept x2  
  64  4:59  Adept  
  66  5:09  Adept x4  
  66  5:11  Probe x2  
  76  5:16  Nexus  
  76  5:23  Probe  
  75  5:29  Adept x2  
  75  5:30  Adept  
  75  5:33  Pylon  
  81  5:38  Probe  
  81  5:41  Forge  
  82  5:44  Immortal  
  82  5:47  Probe  
  83  5:50  Probe  
  83  5:54  Assimilator  
  88  5:59  Probe  
  88  6:01  Sentry  
  88  6:02  Probe  
  88  6:03  Pylon  
  92  6:05  Pylon  
  92  6:11  Probe  
  93  6:22  Adept x2  
  93  6:23  Zealot x2, Immortal  
  101  6:29  Probe  
  100  6:35  Probe  
  100  6:38  Probe  
  106  6:42  Probe  
  107  6:47  Probe x2  
  107  6:50  Probe  
  107  6:53  Templar Archives  
  105  6:54  Gateway  
  105  6:55  Probe  
  105  6:56  Gateway, Protoss Ground Weapons Level 1  
  105  6:58  Sentry  
  107  7:01  Probe  
  107  7:04  Immortal  
  100  7:17  Adept x4  
  100  7:20  Probe x2  
  100  7:21  Assimilator  
  96  7:25  Phoenix, Assimilator  
  92  7:31  Probe  
  92  7:32  Probe  
  92  7:35  Shield Battery  
  92  7:36  Probe  
  97  7:38  Shield Battery  
  97  7:41  Photon Cannon  
  97  7:43  Probe, Immortal  
  98  7:44  Probe  
  98  7:48  Phoenix  
  105  7:52  Sentry  
  105  7:56  Pylon  
  107  7:59  Shield Battery  
  107  8:00  Zealot  
  107  8:02  Probe x2  
  107  8:04  Pylon  
  111  8:09  Sentry  
  113  8:12  Pylon  
  113  8:14  Pylon x2  
  113  8:18  Zealot x3  
  121  8:27  Immortal  
  121  8:28  High Templar x2, Zealot  
  127  8:37  Archon  
  127  8:38  Zealot  
  129  8:44  Zealot x3  
  129  8:45  Charge  
  129  8:47  Psionic Storm  
  133  8:49  Phoenix  
  135  9:02  High Templar  
  137  9:05  Photon Cannon  
  136  9:14  Phoenix  
  138  9:22  Nexus  
  138  9:25  Probe  
  138  9:26  Photon Cannon  
  138  9:27  High Templar, Probe  
  138  9:29  Probe  
  138  9:31  Pylon  
  133  9:33  Photon Cannon  
  133  9:34  Assimilator  
  133  9:36  High Templar  
  133  9:38  Assimilator, Probe  
  132  9:45  Immortal  
  135  9:47  Phoenix  
  135  9:52  Zealot x5  
  123  10:12  Phoenix  
  113  10:15  Probe  
  113  10:18  Fleet Beacon, Probe  
  113  10:20  Stargate  
  115  10:21  Photon Cannon  
  115  10:22  Zealot x4  
  115  10:23  Photon Cannon, Zealot  
  115  10:24  Pylon  
  123  10:37  Archon  
  123  10:42  High Templar x2  
  125  10:49  Stalker x4  
  123  11:01  Stalker x3  
  123  11:03  Phoenix  
  131  11:04  Phoenix  
  131  11:05  Pylon  
  131  11:09  Pylon  
  132  11:12  Pylon  
  132  11:15  Pylon  
  132  11:16  Zealot x2  
  132  11:18  Pylon  
  132  11:24  Zealot x4  
  136  11:28  Phoenix  
  136  11:29  Phoenix  
  134  11:35  Zealot  
  129  11:43  Archon  
  129  11:44  High Templar  
  129  11:52  Zealot x4  
Show
View Real Time Build Order
Export as new Build Order

Rogue Zerg - Winner!

Build Orders: Hatch First 

Get SALT Encoding   

  12  0:00  Drone  
  13  0:12  Overlord  
  13  0:17  Drone  
  14  0:31  Drone x2  
  16  0:48  Hatchery  
  15  0:51  Drone  
  15  0:54  Drone  
  17  0:58  Drone  
  18  1:08  Extractor  
  17  1:14  Spawning Pool  
  17  1:16  Drone  
  17  1:19  Drone  
  18  1:28  Drone  
  19  1:38  Drone  
  20  1:49  Drone  
  20  1:50  Hatchery  
  20  2:01  Queen  
  22  2:02  Drone  
  22  2:06  Drone  
  24  2:12  Drone x2  
  26  2:16  Metabolic Boost  
  26  2:22  Overlord  
  26  2:31  Zergling x2  
  26  2:32  Zergling x2  
  28  2:40  Queen  
  28  2:41  Queen  
  28  2:43  Zergling x2  
  33  2:46  Drone  
  33  2:47  Drone  
  35  2:53  Drone  
  36  3:04  Queen  
  36  3:05  Overlord  
  37  3:06  Drone x2  
  37  3:08  Drone  
  40  3:13  Drone  
  40  3:16  Overlord  
  41  3:23  Queen  
  41  3:25  Drone x2  
  45  3:28  Drone x2  
  45  3:34  Overlord  
  47  3:37  Drone x2  
  49  3:45  Overlord  
  49  3:51  Roach Warren  
  49  3:53  Drone x2  
  49  3:54  Drone x5  
  55  3:59  Drone x2  
  57  4:05  Overlord  
  57  4:06  Drone x2  
  59  4:13  Drone  
  59  4:14  Lair  
  59  4:16  Extractor  
  59  4:17  Extractor  
  59  4:18  Drone x3  
  59  4:19  Drone x2  
  59  4:22  Overlord  
  63  4:26  Drone x2  
  63  4:27  Drone  
  63  4:29  Overlord, Spine Crawler  
  65  4:36  Extractor  
  65  4:37  Spine Crawler x2  
  62  4:39  Roach x2  
  62  4:42  Roach x2  
  70  4:47  Roach  
  70  4:52  Roach x2  
  76  4:53  Overlord  
  76  4:54  Zergling x6  
  76  4:56  Roach  
  81  5:01  Roach x2  
  81  5:03  Zergling x4  
  87  5:07  Overlord, Roach  
  87  5:13  Glial Reconstitution  
  89  5:16  Zergling x8  
  89  5:20  Roach x2  
  97  5:27  Roach x3  
  97  5:28  Roach  
  103  5:32  Roach  
  103  5:33  Overlord  
  105  5:39  Overlord  
  104  5:48  Roach  
  104  5:51  Overlord  
  104  5:52  Overseer  
  104  5:54  Roach x4  
  112  6:00  Evolution Chamber  
  111  6:06  Drone x7  
  118  6:12  Overlord  
  118  6:15  Roach x4  
  118  6:17  Extractor  
  118  6:18  Extractor  
  124  6:22  Spire  
  124  6:25  Drone x3  
  124  6:31  Drone  
  124  6:34  Drone x4  
  124  6:36  Drone  
  127  6:45  Drone  
  123  6:51  Drone x3  
  123  6:52  Drone x3  
  129  6:54  Overlord  
  129  6:57  Zerg Missile Weapons Level 1, Overlord  
  129  7:14  Drone x3  
  125  7:16  Drone x6  
  125  7:17  Hatchery  
  125  7:21  Drone  
  126  7:28  Drone x2  
  124  7:32  Drone x2  
  124  7:33  Drone  
  127  7:39  Overlord  
  127  7:44  Hydralisk Den  
  126  7:54  Zergling x2  
  126  7:55  Zergling x20  
  137  7:59  Drone  
  137  8:02  Drone  
  139  8:09  Hatchery  
  139  8:11  Ravager x4, Overlord  
  139  8:12  Overlord  
  142  8:13  Extractor  
  142  8:14  Drone x2  
  142  8:17  Extractor  
  140  8:24  Overlord  
  138  8:39  Grooved Spines  
  127  8:43  Mutalisk x4  
  127  8:44  Mutalisk x7  
  127  8:47  Drone  
  127  8:48  Drone  
  140  8:52  Mutalisk  
  140  8:55  Zergling x8  
  143  8:58  Mutalisk  
  143  9:01  Zergling x16  
  153  9:05  Drone x2  
  155  9:13  Hatchery  
  154  9:17  Mutalisk x3  
  154  9:21  Zergling x2  
  154  9:22  Zergling x6  
  160  9:24  Mutalisk  
  160  9:30  Mutalisk x2  
  160  9:31  Mutalisk  
  166  9:33  Zergling x16  
  166  9:34  Zergling x6  
  166  9:38  Drone  
  179  9:41  Zerg Flyer Weapons Level 1  
  179  9:43  Zerg Melee Weapons Level 1  
  179  9:44  Extractor  
  178  9:45  Extractor  
  178  9:46  Zergling x2  
  178  9:47  Zergling x8  
  178  9:52  Drone x3  
  185  9:53  Drone x3  
  185  9:54  Drone  
  175  10:06  Mutalisk x4  
  160  10:14  Mutalisk  
  144  10:15  Zergling x8  
  144  10:16  Zergling x10  
  144  10:18  Queen  
  157  10:32  Mutalisk x4  
  157  10:34  Zergling x2  
  157  10:35  Zergling x14  
  171  10:37  Drone x2  
  167  10:53  Mutalisk  
  167  10:54  Mutalisk  
  167  10:55  Mutalisk x3  
  175  10:59  Zergling x4  
  175  11:00  Zergling x16  
  185  11:13  Mutalisk x4  
  193  11:21  Zergling x2  
  193  11:22  Zergling x8  
Tags
 
Add a new tag
Caveats
  • Supply blocks, unpowered buildings, or Contaminate may cause inaccurate times.
  • Supply counts are checked every 10 seconds.